AoeStats
← Ronny

Arena

510190129Analyzed
3v3 RM · 2d ago on Sep 29, 2026· 57m 7s· 6 players
Game mode
Random Map
Map size
Normal (6 player)
Population
200
Speed
Normal
Resources
Standard
Victory
Conquest
Starting age
Dark Age
Ending age
Imperial Age
RankedLock teamsTeams togetherTeam positionsShared explorationLock speedFull tech treeHidden civsTurbo modeCheats
Victory
Defeat
🇪🇸 Spanish · Spain
1222
+17
🇪🇸 Turks · Spain
1177
+19
🇨🇴 Goths · Colombia
1083
+23
🇺🇸 Franks · United States
1272
-21
🇲🇽 Danes · Mexico
1260
-20
🇦🇷 Vietnamese · Argentina
1196
-18
Ronny
9:59 Feudal Age
15:46 Castle Age
14:38 Double-Bit Axe
14:36 Horse Collar
15:53 Gold Mining
29:24 Wheelbarrow
28:37 Loom
32:37 Imperial Age
30:49 Fortified Wall
32:53 Hand Cart
33:21 Ballistics
33:12 Town Watch
35:29 Scale Barding Armor
36:16 Padded Archer Armor
36:36 Heavy Plow
37:27 Bloodlines
37:41 Leather Archer Armor
38:30 Husbandry
38:23 Light Cavalry
40:36 Ring Archer Armor
40:21 Elite Conquistador
40:51 Hussar
41:46 Forging
48:18 Cavalier
49:22 Chain Barding Armor
49:38 Iron Casting
jaiderreyes4
11:11 Feudal Age
11:56 Feudal Age
12:53 Double-Bit Axe
15:31 Castle Age
14:01 Horse Collar
16:45 Bow Saw
20:09 Heavy Plow
21:45 Wheelbarrow
25:03 Hand Cart
24:42 Stone Mining
24:47 Gold Mining
27:29 Stone Shaft Mining
30:22 Imperial Age
28:33 Forging
28:23 Scale Mail Armor
28:33 Forging
28:23 Scale Mail Armor
28:16 Loom
30:08 Iron Casting
29:24 Pikeman
30:44 Chain Mail Armor
31:12 Perfusion
31:07 Town Watch
32:24 Blast Furnace
31:02 Halberdier
33:31 Anarchy
36:26 Chemistry
35:46 Ballistics
39:50 Elite Skirmisher
44:22 Elite Huskarl
51:24 Two-Man Saw
CanarioAOE
11:13 Feudal Age
12:37 Loom
16:06 Castle Age
22:32 Padded Archer Armor
23:13 Double-Bit Axe
29:20 Bloodlines
29:15 Horse Collar
35:14 Imperial Age
36:00 Gold Mining
36:53 Wheelbarrow
36:25 Heavy Camel Rider
38:24 Scale Barding Armor
38:10 Fletching
38:31 Forging
43:47 Hand Cart
43:18 Town Watch
43:48 Bow Saw
53:21 Town Patrol
53:26 Heavy Plow
VIP IVORY
10:52 Feudal Age
14:26 Castle Age
13:18 Double-Bit Axe
20:28 Bow Saw
21:05 Wheelbarrow
20:15 Loom
20:16 Town Watch
21:42 Scale Barding Armor
21:49 Forging
22:15 Husbandry
25:25 Chain Barding Armor
25:31 Hand Cart
26:02 Gold Mining
26:04 Stone Mining
28:34 Town Patrol
31:11 Imperial Age
29:25 Iron Casting
30:26 Fletching
30:20 Treadmill Crane
32:15 Coinage
32:23 Gold Shaft Mining
31:21 Cavalier
32:52 Conscription
33:42 Plate Barding Armor
34:07 Blast Furnace
33:38 Chivalry
35:22 Chemistry
34:10 Paladin
41:58 Bodkin Arrow
51:42 Ballistics
Tomy25142
11:25 Feudal Age
11:17 Loom
15:49 Castle Age
14:06 Double-Bit Axe
14:13 Horse Collar
21:17 Crossbowman
23:47 Fletching
26:30 Padded Archer Armor
31:37 Bodkin Arrow
32:51 Leather Archer Armor
34:54 Thumb Ring
41:12 Wheelbarrow
41:21 Town Watch
41:54 Hand Cart
48:52 Pikeman
51:32 Man-at-Arms
52:26 Forging
52:16 Scale Mail Armor
53:41 Long Swordsman
CCM | Zero
7:49 Loom
10:03 Feudal Age
14:07 Castle Age
12:43 Double-Bit Axe
17:38 Horse Collar
21:34 Redemption
24:19 Sanctity
25:25 Fervor
29:56 Imperial Age
29:13 Wheelbarrow
31:22 Imperial Age
29:32 Bow Saw
31:10 Fletching
32:48 Bodkin Arrow
32:53 Padded Archer Armor
33:46 Ballistics
33:38 Town Watch
34:11 Hand Cart
35:05 Bracer
35:22 Leather Archer Armor
34:30 Cranequins
35:24 Heavy Plow
36:06 Thumb Ring
36:42 Town Patrol
37:34 Masonry
37:58 Elite Skirmisher
39:28 Ring Archer Armor
39:08 Siege Engineers
40:37 Bloodlines
40:27 Husbandry
41:51 Chemistry
41:13 Imperial Skirmisher
42:36 Heavy Mounted Crossbowman
43:12 Pikeman
43:52 Squires
45:57 Halberdier
46:23 Gambesons
46:23 Arson
47:28 Crossbowman
48:14 Hamask
49:19 Conscription
49:35 Hoardings
54:39 Capped Ram
55:12 Elite Varangian Guard
Connection lost

Rejoining the realm…

Still unreachable

The connection could not be restored.

Session expired

The server has moved on; the page needs a fresh start.